AoeStats
← hK | RanDoM

African Clearing

510660338Analyzed
4v4 RM · 23h ago on Oct 2, 2026· 35m 18s· 8 players
Game mode
Random Map
Map size
Large (8 player)
Population
200
Speed
Normal
Resources
Standard
Victory
Conquest
Starting age
Dark Age
Ending age
Imperial Age
RankedLock teamsTeams togetherTeam positionsShared explorationLock speedFull tech treeHidden civsTurbo modeCheats
Victory
Defeat
🇧🇷 Chinese · Brazil
1830
+8
🇨🇱 Burgundians · Chile
1778
+9
🇨🇳 Spanish · China
1735
+11
🇦🇷 Slavs · Argentina
1683
+13
🇲🇽 Khitans · Mexico
1738
-15
🇨🇴 Saxons · Colombia
1628
-10
🇦🇷 Wu · Argentina
1563
-8
🇲🇽 Bengalis · Mexico
1551
-19
betterlh
10:01 Loom
13:16 Feudal Age
14:26 Double-Bit Axe
17:14 Castle Age
17:02 Stone Mining
17:02 Gold Mining
25:58 Padded Archer Armor
29:36 Padded Archer Armor
watoncito
7:45 Double-Bit Axe
9:52 Loom
11:57 Feudal Age
13:04 Bow Saw
15:53 Horse Collar
20:17 Wheelbarrow
20:12 Forging
27:14 Castle Age
26:50 Heavy Plow
27:18 Pikeman
28:12 Scale Barding Armor
28:21 Gold Mining
29:45 Two-Man Saw
30:22 Scale Mail Armor
FutureEwe5582
11:36 Loom
13:46 Feudal Age
17:28 Castle Age
15:15 Double-Bit Axe
15:11 Horse Collar
18:23 Wheelbarrow
18:31 Bow Saw
19:31 Fletching
25:22 Pikeman
26:02 Scale Mail Armor
28:51 Detinets
31:43 Imperial Age
29:22 Gold Mining
30:43 Town Watch
31:38 Hand Cart
31:32 Squires
31:56 Bodkin Arrow
33:53 Heavy Plow
34:29 Chain Mail Armor
35:19 Two-Man Saw
35:57 Town Patrol
sacaninha
2:51 Loom
12:13 Feudal Age
15:50 Castle Age
14:28 Double-Bit Axe
15:56 Light Cavalry
16:37 Husbandry
17:16 Bow Saw
20:11 Horse Collar
21:22 Wheelbarrow
25:01 Town Watch
25:22 Stone Mining
25:23 Gold Mining
28:41 Hand Cart
31:16 Imperial Age
29:15 Bloodlines
29:12 Scale Barding Armor
29:51 Forging
30:24 Gold Shaft Mining
29:53 Heavy Plow
31:28 Chain Barding Armor
31:17 Cavalier
32:44 Plate Barding Armor
32:58 Fervor
33:01 Forging
33:17 Conscription
35:09 Iron Casting
36:52 Blast Furnace
hK | RanDoM
11:19 Loom
13:05 Feudal Age
15:51 Double-Bit Axe
18:18 Castle Age
18:23 Light Cavalry
26:36 Bow Saw
27:40 Wheelbarrow
28:57 Town Watch
30:17 Fletching
31:08 Bodkin Arrow
hK | Anubis
9:52 Loom
12:30 Feudal Age
13:14 Double-Bit Axe
13:11 Domestication
15:05 Forging
16:25 Scale Barding Armor
30:34 Castle Age
30:57 Light Cavalry
31:37 Husbandry
32:19 Iron Casting
hK | Santo
10:53 Loom
13:07 Feudal Age
18:06 Castle Age
17:06 Double-Bit Axe
17:54 Fishing Lines
19:10 Bow Saw
23:47 Ballistics
24:13 Fletching
26:29 Bodkin Arrow
28:06 Husbandry
29:08 Horse Collar
32:34 Bloodlines
33:08 Wheelbarrow
34:20 Hand Cart
[KOF] JoakoM
9:40 Loom
12:03 Feudal Age
13:25 Town Watch
14:04 Double-Bit Axe
25:24 Castle Age
24:16 Gold Mining
24:49 Bloodlines
26:23 Bow Saw
29:43 Husbandry
Connection lost

Rejoining the realm…

Still unreachable

The connection could not be restored.

Session expired

The server has moved on; the page needs a fresh start.